 Dungeon Crawl Stone Soup version bcrawl-1.21.3-1-g0d72ed7573 (webtiles) character file.

Game seed: 16629187560465194093

266 Chiseanne the Ducker (level 6, -1/47 HPs)
             Began as a Demonspawn Archaeologist on Apr 14, 2020.
             Slain by an ogre
             ... wielding a cursed -3 giant club
              (17 damage)
             ... on level 4 of the Dungeon.
             The game lasted 00:05:09 (1800 turns).

Chiseanne the Ducker (Demonspawn Archaeologist)     Turns: 1800, Time: 00:05:10

Health: -1/47      AC:  6    Str:  9 (11) XL:     6   Next: 0%
Magic:  6/6        EV: 13    Int: 14 (16) God:
Gold:   141        SH:  0    Dex: 12 (13) Spells: 5/5 levels left

rFire    . . .     SeeInvis .   w - +2 triple crossbow (velocity)
rCold    . . .     Gourm    .   (shield currently unavailable)
rNeg     . . .     Faith    .   k - +0 troll leather armour {Purgy}
rPois    .         Spirit   .   c - +1 hat
rElec    .         Reflect  .   (no cloak)
rCorr    .         Harm     .   (no gloves)
MR       .....                  f - +0 pair of boots
Stlth    ++........             (no amulet)
HPRegen  0.55/turn              (no ring)
MPRegen  0.10/turn              (no ring)

@: no status effects
A: claws 1, talons 1, demonic guardian 1
a: no special abilities


You were on level 4 of the Dungeon.
You were not hungry.

You visited 1 branch of the dungeon, and saw 4 of its levels.

You collected 141 gold pieces.

Inventory:

Hand Weapons
 a - a +0 mace
 o - a cursed -1 club
 q - a +0 hand axe
 s - a cursed -2 dagger
 w - a +2 triple crossbow of velocity (weapon)
Missiles
 h - 51 needles of confusion
 i - 437 stones
 m - 102 bolts (quivered)
 p - 495 arrows
 u - 354 sling bullets
Armour
 c - a +1 hat (worn)
 d - a +1 pair of boots
 f - a +0 pair of boots (worn)
 k - a +0 troll leather armour (worn) {Purgy}
Wands
 b - a wand of paralysis (6)
 t - a wand of disintegration (32)
Scrolls
 g - a scroll of magic mapping
 r - a scroll of remove curse
Potions
 l - 4 potions of degeneration
 n - a potion of curing
Comestibles
 e - 8 rations {!d}


   Skills:
 - Level 3.3 Fighting
 - Level 0.8 Maces & Flails
 * Level 0.7 Crossbows
 * Level 2.6 Armour
 * Level 4.2 Dodging
 - Level 3.0 Stealth


You had 5 spell levels left.
You didn't know any spells.
Your spell library was empty.

Dungeon Overview and Level Annotations

Branches:
Dungeon (4/12)
 Temple: D:4-7

Altars:
Uskayaw


Innate Abilities, Weirdness & Mutations

You have sharp fingernails.
You have sharp toenails.
A weak demonic guardian rushes to your aid.


Message History

The ogre hits you with a cursed -3 giant club!
Your quasit barely misses the orc priest.
Your quasit claws the orc priest. x2
Firing (i - inventory. (/) - cycle)
m - 103 bolts (quivered)
Press: ? - help, Shift-Dir - straight line, f - orc priest
Aim: an orc priest, wielding a +0 hand axe (moderately wounded)
You shoot a bolt. The bolt hits the orc priest.
The orc priest is severely wounded.
The orc priest hits you with a +0 hand axe.
The orc priest hits your quasit but does no damage.
The ogre closely misses you. The ogre misses your quasit.
The ogre hits your iron imp with a cursed -3 giant club!
Your quasit barely misses the ogre. x2; Your quasit claws the ogre.
The orc priest hits you but does no damage.
The orc priest hits your quasit but does no damage.
The orc priest barely misses your shadow imp.
Your quasit barely misses the ogre.
Your quasit claws the ogre.
Your quasit claws the ogre but does no damage.
The ogre hits you with a cursed -3 giant club!
You die...

...# ....#
....##
#....$##
...#...#
###........
##5.##......
#.@O5o..)..#
#..o5.).....
####........
###......
...... ..<..
..... ###.


You could see an ogre, 2 orc priests, a friendly iron imp, a friendly quasit and
a friendly shadow imp.

Vanquished Creatures
  Purgy (D:3)
  A centaur (D:3)
  An orc priest (D:4)
  An orc wizard (D:4)
  An adder (D:3)
  2 oozes
  A leopard gecko (D:2)
  An orc (D:4)
  A ball python (D:3)
  A giant cockroach (D:1)
  4 goblins
  3 hobgoblins
  A quokka (D:2)
  A bat (D:3)
  4 frilled lizards
  4 kobolds
  4 rats
32 creatures vanquished.

Notes
Turn   | Place    | Note
-------+----------+-------------------------------------------
     0 | D:1      | Chiseanne the Demonspawn Archaeologist began the quest for
                  | the Orb.
     0 | D:1      | Reached XP level 1. HP: 15/15 MP: 1/1
   166 | D:1      | Reached skill level 3 in Dodging
   166 | D:1      | Gained mutation: You have sharp toenails. [demonic
                  | ancestry]
   166 | D:1      | Reached XP level 2. HP: 13/21 MP: 2/2
   986 | D:3      | Noticed a +0 dagger
   987 | D:3      | Found a hide-covered altar of Uskayaw.
   987 | D:3      | Noticed a +0 hand axe
   998 | D:3      | Reached XP level 3. HP: 27/27 MP: 3/3
  1043 | D:3      | Noticed Purgy
  1070 | D:3      | Killed Purgy
  1070 | D:3      | Reached skill level 1 in Armour
  1070 | D:3      | Gained mutation: You have sharp fingernails. [demonic
                  | ancestry]
  1070 | D:3      | Reached XP level 4. HP: 4/34 MP: 4/4
  1423 | D:3      | Noticed a centaur
  1442 | D:3      | Killed a centaur
  1442 | D:3      | Reached skill level 4 in Dodging
  1442 | D:3      | Gained mutation: A weak demonic guardian rushes to your
                  | aid. [demonic ancestry]
  1442 | D:3      | Reached XP level 5. HP: 19/41 MP: 5/5
  1442 | D:3      | Identified a scroll of acquirement
  1483 | D:3      | Identified the ring of Vugyall {rPois rF+} (You acquired it
                  | on level 3 of the Dungeon)
  1783 | D:4      | Noticed a sky beast
  1796 | D:4      | Noticed an ogre
  1799 | D:4      | Reached XP level 6. HP: 23/47 MP: 6/6
  1800 | D:4      | Slain by an ogre

Skill      XL: |  1  2  3  4 |
---------------+-------------+-----
Dodging        | 3 4 |  4.2
Fighting       | 2 3 |  3.3
Armour         | 1 2 |  2.6
Maces & Flails | |  0.8
Crossbows      | |  0.7
Stealth        | |  3.0

Action                   |  1- 3 |  4- 6 || total
-------------------------+-------+-------++-------
Melee: Whip              |    47 |       ||    47
       Mace              |    41 |    21 ||    62
       Short sword       |    14 |       ||    14
 Fire: Triple crossbow   |       |    13 ||    13
Throw: Stone             |       |     4 ||     4
Evoke: Wand              |     3 |       ||     3
  Use: Scroll            |     4 |     1 ||     5
       Potion            |       |     3 ||     3
 Stab: Sleeping          |     5 |     2 ||     7
       Paralysed         |    12 |       ||    12
  Eat: Chunk             |       |     3 ||     3
Armor: Robe              |    15 |       ||    15
       Ring mail         |    30 |       ||    30
       Troll leather arm |       |    12 ||    12
Dodge: Dodged            |    56 |    27 ||    83
